 Dungeon Crawl Stone Soup version 0.22-a0-480-g991dd4b (webtiles) character file.

68 pobbes the Caller (level 4, -2/30 HPs)
             Began as a Merfolk Summoner on June 16, 2018.
             Killed from afar by an orc wizard (14 damage)
             ... with a puff of flame
             ... on level 3 of the Dungeon.
             The game lasted 00:11:15 (2119 turns).

pobbes the Caller (Merfolk Summoner)                Turns: 2119, Time: 00:11:15

Health: -2/30      AC:  5    Str:  9    XL:     4   Next: 19%
Magic:  1/8        EV: 13    Int: 14    God:
Gold:   226        SH:  0    Dex: 14    Spells: 6/8 levels left

rFire    . . .     SeeInvis .   g - +0 halberd
rCold    . . .     Gourm    .   (shield currently unavailable)
rNeg     . . .     Faith    .   a - +0 robe
rPois    .         Spirit   .   l - +0 helmet
rElec    .         Reflect  .   e - +0 cloak {MR+}
rCorr    .         Harm     .   p - +0 pair of gloves
MR       +....                  (no boots)
Stlth    ++........             (no amulet)
HPRegen  0.10/turn              (no ring)
MPRegen  0.11/turn              (no ring)

@: no status effects
A: change form in water, swift swim, stealthy swim
a: no special abilities


You were on level 3 of the Dungeon.
You were not hungry.

You visited 1 branch of the dungeon, and saw 3 of its levels.

You collected 226 gold pieces.

Inventory:

Hand Weapons
 g - a +0 halberd (weapon)
 i - a +1 dagger
Missiles
 h - 11 stones (quivered)
 m - 31 arrows
Armour
 a - a +0 robe (worn)
 e - a +0 cloak of magic resistance (worn)
 l - a +0 helmet (worn)
 p - a +0 pair of gloves (worn)
Jewellery
 f - a +4 ring of dexterity {unknown}
Scrolls
 b - 3 scrolls of identify
 o - a scroll of remove curse
Potions
 d - a potion of magic {unknown}
 j - a potion of degeneration {unknown}
 n - a potion of lignification {unknown}
 q - a potion of berserk rage {unknown}
 r - a potion of curing {unknown}
Comestibles
 c - a ration
 k - 2 chunks of flesh


   Skills:
 * Level 2.2 Polearms
 + Level 3.2 Dodging
 + Level 2.2 Stealth
 + Level 2.7 Spellcasting
 + Level 4.5 Summonings


You had 6 spell levels left.
You knew the following spells:

 Your Spells              Type           Power        Failure   Level  Hunger
b - Call Imp              Summ           ##......     4%          2    ###....

Your spell library contained the following spells:

 Spells                   Type           Power        Failure   Level  Hunger
 Summon Small Mammal      Summ           ##..         3%          1    #......
 Summon Ice Beast         Ice/Summ       #.......     65%         4    #####..
 Call Canine Familiar     Summ           ##......     10%         3    ###....
 Summon Lightning Spire   Summ/Air       #.......     65%         4    #####..
 Summon Guardian Golem    Hex/Summ       #.......     26%         3    ###....


Dungeon Overview and Level Annotations

Branches:
Dungeon (3/15)

Altars:


Message History

Aim: an orc, wielding a mace and wearing a ring mail You barely miss the orc.
The orc wizard shouts!
The orc closely misses your shadow imp.
The orc priest looks satisfied for a moment.
The orc barely misses you.
Your shadow imp hits the orc priest but does no damage.
The orc priest invokes the aid of Beogh against you.
Beogh smites you!
The orc hits your shadow imp but does no damage.
Okay, then.
Attack whom?
Press: ? - help, Dir - move target cursor, f/p - orc
Aim: an orc, wielding a mace and wearing a ring mail You closely miss the orc.
The orc closely misses you.
Your shadow imp closely misses the orc.
The orc hits your shadow imp with a club.
The orc wizard casts a spell at you. The puff of flame hits you!
You die...

#.# ..# ..#
#.## #[.#
#..# #o.##
#@)o#
#5#o.....
#o#.#....
#o#.#.###
#o#.#.#..
###.#.....#
#..........
#......>...
#..†.....##


You could see an orc priest, an orc wizard, 4 orcs and a friendly shadow imp.

Vanquished Creatures
  A gnoll (D:2)
  A worm (D:2)
  A dart slug (D:1)
  4 orcs (D:3)
  A ball python (D:3)
  4 bats (D:2)
  A hobgoblin (D:1)
  A frilled lizard (D:2)
  A kobold (D:2)
  2 rats
17 creatures vanquished.

Vanquished Creatures (collateral kills)
  3 gnolls (D:2)
  2 adders
  2 dart slugs (D:1)
  A ball python (D:3)
  2 giant cockroaches
  5 goblins
  A hobgoblin (D:1)
  A bat (D:1)
  A frilled lizard (D:1)
  A kobold (D:2)
19 creatures vanquished.

Grand Total: 36 creatures vanquished

Notes
Turn   | Place    | Note
-------+----------+-------------------------------------------
     0 | D:1      | pobbes the Merfolk Summoner began the quest for the Orb.
     0 | D:1      | Reached XP level 1. HP: 13/13 MP: 3/3
   453 | D:1      | Reached XP level 2. HP: 19/19 MP: 1/5
   461 | D:1      | Learned a level 2 spell: Call Imp
   991 | D:2      | Reached skill level 1 in Polearms
  1422 | D:2      | Reached XP level 3. HP: 24/24 MP: 3/6
  1460 | D:2      | Found a faded altar of an unknown god.
  2101 | D:3      | Reached XP level 4. HP: 28/30 MP: 0/8
  2119 | D:3      | Killed from afar by an orc wizard

Vault maps used:
D:1:      dpeg_arrival_orchard
D:2:      chequers_ecumenical_altar_simple_redux

Skill      XL: |  1  2  3 |
---------------+----------+-----
Polearms       | 1 2 |  2.2
Dodging        | 3 |  3.2
Stealth        | |  2.2
Spellcasting   | |  2.7
Summonings     | |  4.5

Action                   |  1- 3 |  4- 6 || total
-------------------------+-------+-------++-------
Melee: Dagger            |    15 |       ||    15
       Club              |     4 |       ||     4
       Unarmed           |     1 |       ||     1
       Spear             |    26 |       ||    26
       Halberd           |     4 |    10 ||    14
Throw: Stone             |    17 |       ||    17
 Cast: Summon Small Mamm |    17 |       ||    17
       Call Imp          |    20 |     1 ||    21
  Use: Scroll            |     7 |       ||     7
       Potion            |     1 |       ||     1
 Stab: Distracted        |     1 |       ||     1
       Sleeping          |     1 |       ||     1
  Eat: Chunk             |     2 |       ||     2
       Ration            |     1 |       ||     1
Armor: Robe              |    20 |       ||    20
Dodge: Dodged            |    73 |     7 ||    80

Table legend:
 A = Spawn XP
 B = Non-spawn XP
 C = Spawn XP percentage of total XP
 D = Spawn monster count
 E = Non-spawn monster count
 F = Spawn count percentage of total count
 G = Total turns spent on level
                    A         B        C        D         E        F      G
               +---------+---------+-------+---------+---------+-------+---------
         Total |       0 |      98 |   0.0 |       0 |      36 |   0.0 |  2119
               +---------+---------+-------+---------+---------+-------+---------
           D:1 |       0 |      18 |   0.0 |       0 |      13 |   0.0 |   808
           D:2 |       0 |      59 |   0.0 |       0 |      16 |   0.0 |  1284
           D:3 |       0 |      21 |   0.0 |       0 |       7 |   0.0 |    27
               +---------+---------+-------+---------+---------+-------+---------
